 Dungeon Crawl Stone Soup version 0.27.1-1-g398f81649c (webtiles) character file.

Game seed: 5973951664832308747

66040 Gwenloh the Slicer (level 14, -3/106 (130) HPs)
             Began as a Minotaur Fighter on Sept 9, 2021.
             Was a Believer of Uskayaw.
             Slain by an orc warlord (17 damage)
             ... on level 2 of the Orcish Mines.
             The game lasted 01:34:49 (25666 turns).

Gwenloh the Slicer (Minotaur Fighter)              Turns: 25666, Time: 01:34:50

HP:   -3/106 (130)  AC: 16    Str: 24    XL:     14   Next: 77%
MP:   25/30         EV: 11    Int:  6    God:    Uskayaw [**....]
Gold: 2655          SH: 16    Dex: 22    Spells: 13/13 levels left

rFire    + + .     SeeInvis .   a - +7 quick blade
rCold    x . .     Faith    +   l - +2 kite shield {rF+}
rNeg     + . .     Spirit   .   w - +1 chain mail
rPois    .         Reflect  .   (helmet restricted)
rElec    +         Harm     .   W - scarf {+Inv}
rCorr    .         Rampage  .   T - +1 pair of gloves {Str+3}
Will     +++..                  (no boots)
Stlth    ..........             D - amulet of faith
HPRegen  0.27/turn              I - ring of the Scorching Coward {rN+ MP+9 Dex+6}
MPRegen  0.22/turn              P - ring "Edghutount" {Fire rElec Will++ Dex+2}

@: very slightly contaminated, studying Maces & Flails, heavily drained,
invisible
A: horns 2, retaliatory headbutt
a: Renounce Religion, Evoke Invisibility, Stomp, Line Pass


You were on level 2 of the Orcish Mines.
You worshipped Uskayaw.
Uskayaw was aware of your devotion.
You visited 4 branches of the dungeon, and saw 20 of its levels.
You also visited: Volcano.

You collected 2865 gold pieces.
You spent 210 gold pieces at shops.

Inventory:

Hand Weapons
 a - a +7 quick blade (weapon)
 b - a +5 hand crossbow of freezing
 q - a +5 rapier of protection
 r - a +0 hunting sling
 X - a +4 vorpal great sword
Missiles
 z - 80 bolts
 A - 17 boomerangs (quivered)
 Z - 7 javelins
Armour
 l - a +2 kite shield of fire resistance (worn)
 w - a +1 chain mail (worn)
 T - a +1 pair of gloves of strength (worn)
 W - a scarf of invisibility (worn)
Jewellery
 j - a +6 ring of strength
 p - a ring of protection from fire
 C - a +6 ring of dexterity
 D - an amulet of faith (around neck)
 I - the ring of the Scorching Coward (left hand) {rN+ MP+9 Dex+6}
   (You acquired it on level 8 of the Dungeon)

   [ring of magical power]

   Dex:       It affects your dexterity (+6).
   rN:        It protects you from negative energy.
   MP:        It affects your magic capacity (+9).
 K - a ring of see invisible
 P - the ring "Edghutount" (right hand) {Fire rElec Will++ Dex+2}
   (You found it on level 9 of the Dungeon)

   [ring of fire]

   It enhances your fire magic.
   Dex:       It affects your dexterity (+2).
   rF:        It protects you from fire.
   rC:        It makes you vulnerable to cold.
   rElec:     It insulates you from electricity.
   Will:      It greatly increases your willpower.
 Q - a ring of positive energy
 V - a +4 ring of protection
Wands
 o - a wand of charming (8)
 x - a wand of polymorph (44)
 E - a wand of iceblast (40)
 F - a wand of acid (24)
 M - a wand of mindburst (9)
 R - a wand of flame (17)
Scrolls
 e - 3 scrolls of amnesia
 f - 9 scrolls of teleportation
 m - a scroll of holy word
 t - 4 scrolls of magic mapping
 B - 4 scrolls of blinking
 Y - 2 scrolls of fog
Potions
 c - 2 potions of haste {unknown}
 d - 5 potions of curing
 h - 5 potions of cancellation
 i - a potion of attraction {unknown}
 n - 2 potions of magic {unknown}
 u - a potion of lignification {unknown}
 v - a potion of invisibility {unknown}
 G - a potion of resistance
 H - 4 potions of flight
 J - 4 potions of might
 N - 3 potions of ambrosia
 O - 2 potions of heal wounds
 S - 2 potions of brilliance {unknown}
Miscellaneous
 U - a phial of floods


   Skills:
 + Level 13.9 Fighting
 - Level 14.0 Short Blades
 + Level 13.9 Armour
 - Level 4.2 Dodging
 + Level 13.2 Shields
 + Level 11.2 Invocations
 + Level 2.4 Evocations


You had 13 spell levels left.
You didn't know any spells.
Your spell library contained the following spells:

 Spells                   Type           Power      Damage    Failure   Level
 Animate Skeleton         Necr           0%         N/A       95%         1
 Pain                     Necr           0%         1d4       95%         1
 Summon Small Mammal      Summ           0%         N/A       95%         1
 Blink                    Tloc           N/A        N/A       99%         2
 Corpse Rot               Necr/Air       N/A        N/A       99%         2
 Poisonous Vapours        Pois/Air       0%         N/A       99%         2
 Slow                     Hex            0%         N/A       99%         2
 Sublimation of Blood     Necr           0%         N/A       99%         2
 Call Canine Familiar     Summ           0%         N/A       100%        3
 Confusing Touch          Hex            0%         N/A       100%        3
 Lesser Beckoning         Tloc           0%         N/A       100%        3
 Summon Guardian Golem    Hex/Summ       0%         N/A       100%        3
 Vampiric Draining        Necr           0%         2d6       100%        3
 Dispel Undead            Necr           0%         3d6       100%        4
 Fulminant Prism          Conj/Hex       0%         3d6       100%        4
 Iskenderun's Mystic Bla  Conj/Tloc      0%         2d3       100%        4
 Passage of Golubria      Tloc           N/A        N/A       100%        4
 Petrify                  Tmut/Erth      0%         N/A       100%        4
 Alistair's Intoxication  Tmut/Pois      0%         N/A       100%        5
 Borgnjor's Vile Clutch   Necr/Erth      0%         N/A       100%        5
 Freezing Cloud           Conj/Ice/Air   0%         6-21      100%        5
 Irradiate                Conj/Tmut      0%         3d13      100%        5
 Lee's Rapid Deconstruct  Erth           0%         3d5*      100%        5
 Manifold Assault         Tloc           0%         N/A       100%        5
 Silence                  Hex/Air        0%         N/A       100%        5
 Death Channel            Necr           0%         N/A       100%        6
 Eringya's Noxious Bog    Tmut/Pois      0%         N/A       100%        6
 Lehudib's Crystal Spear  Conj/Erth      0%         10d2      100%        8


Dungeon Overview and Level Annotations

Branches:
Dungeon (11/15)            Temple (1/1) D:4            Lair (6/6) D:9
 Shoals (0/4) Lair:2       Spider (0/4) Lair:3        Slime (0/5) Lair:6
    Orc (2/2) D:11            Elf (0/3) Orc:2       Volcano (visited)

Altars:
Ashenzari
Cheibriados
Dithmenos
Elyvilon
Fedhas
Gozag
Hepliaklqana
Kikubaaqudgha
Makhleb
Nemelex Xobeh
Okawaru
Qazlal
Ru
Sif Muna
Trog
Uskayaw
Vehumet
Wu Jian
Xom
Yredelemnul
Zin
The Shining One
Jiyva

Shops:
D:5 =   D:6 !   D:9 *   D:10 ?

Annotations:
D:9 3 runed translucent doors, braks's ghost, novice TrMo
Lair:6 1 runed translucent door


Innate Abilities, Weirdness & Mutations

You have a pair of horns on your head.
You reflexively headbutt those who attack you in melee.


Message History

Aiming: Line Pass
Press: ? - help, Dir - move target The orc warlord appears confused.
You block the orc warlord's attack.
You hit the orc warlord but do no damage.
You headbutt the orc warlord, but do no damage.
The orc warlord is heavily wounded.
You hit the orc warlord but do no damage.
You headbutt the orc warlord, but do no damage.
The orc warlord is heavily wounded.
The orc warlord seems less confused.
The orc warlord hits you with a +3 vorpal halberd.
* * * LOW HITPOINT WARNING * * *
x2 You can no longer pass through a line of other dancers.
You feel drained.
You fade into invisibility!
You are very lightly contaminated with residual magic.
The orc warlord hits you with a +3 vorpal halberd!!
* * * LOW HITPOINT WARNING * * *
x2 You barely miss the orc warlord.
Your headbutt misses the orc warlord.
The orc warlord is heavily wounded.
You closely miss the orc warlord.
You headbutt the orc warlord, but do no damage.
The orc warlord is heavily wounded.
The orc warlord misses you. You furiously retaliate!
You headbutt the orc warlord.
You feel much better.
The orc warlord hits you with a +3 vorpal halberd!
* * * LOW HITPOINT WARNING * * *
x2 You closely miss the orc warlord.
The orc warlord is heavily wounded.
You strike the helpless orc warlord from behind!
You impale the orc warlord!! Your headbutt misses the orc warlord.
The orc warlord is severely wounded.
You can now pass through a line of other dancers.
You catch the helpless orc warlord completely off-guard!
You impale the orc warlord!! You headbutt the orc warlord!
The orc warlord is almost dead.
The orc warlord hits you with a +3 vorpal halberd!
You die...

#....
##.##...#
#...##
###...#
#..##
#...#
#.##
#...#
#...#
#...#
#...#
#...#
##@##
#o..#
#...#
#...#
#####


You could see an orc warlord.

Vanquished Creatures
  Kirke (Lair:6)
  Fannar (D:11)
  A boulder beetle (D:9)
  6 hydras
  3 catoblepae
  A centaur warrior (D:10)
  5 death yaks
  Urug (Lair:4)
  A lindwurm (Lair:4)
  Pikel (D:9)
  A wolf spider (Lair:3)
  2 manticores (Lair:4)
  6 black mambas
  17 elephants
  5 molten gargoyles (Volcano)
  3 torpor snails (Lair:6)
  A toenail golem (Volcano)
  23 cane toads
  9 komodo dragons
  3 rime drakes
  2 efreet (Volcano)
  3 polar bears
  3 meliai (Lair:4)
  A queen bee (Lair:4)
  4 trolls
  3 tyrant leeches (Lair:6)
  3 hornets
  4 dream sheep
  13 blink frogs
  A spriggan (Lair:5)
  A wraith (D:10)
  54 yaks
  6 wyverns
  7 basilisks
  4 fire elementals (Volcano)
  4 hogs (Lair:6)
  Eustachio (D:5)
  A steam dragon (D:8)
  5 vampire mosquitoes (Lair:6)
  3 acid dragons
  24 water moccasins
  A swamp drake (D:11)
  8 orc warriors
  Purgy (D:4)
  2 black bears (D:7)
  7 ogres
  An ice beast (D:6)
  9 wolves
  A phantom (D:7)
  5 centaurs
  A kobold brigand (D:9)
  22 bullfrogs
  A wyvern zombie (D:6)
  A scorpion (D:5)
  A wyvern skeleton (D:7)
  2 water moccasin skeletons
  46 killer bees
  10 wights
  4 electric eels
  4 howler monkeys
  2 bullfrog zombies
  4 centaur zombies
  2 gnoll shamans (D:7)
  2 hounds
  3 jellies
  4 bullfrog skeletons
  10 orc priests
  4 iguanas
  21 orc wizards
  A killer bee zombie (D:9)
  A hound skeleton (D:5)
  A mummy (D:8)
  A howler monkey zombie (D:8)
  3 gnolls (D:7)
  A howler monkey skeleton (D:2)
  6 adders
  A shadow imp (D:7)
  A white imp (D:4)
  2 ufetubi
  2 adder skeletons (D:4)
  A worm (D:3)
  2 dart slugs (D:3)
  67 orcs
  2 bats
  12 endoplasms
  7 goblins
  8 hobgoblins
  4 jackals (D:3)
  16 kobolds
  A quokka (D:1)
  5 ball pythons
  4 frilled lizards
  A hobgoblin zombie (D:8)
  A kobold zombie (D:8)
  2 orc zombies (D:8)
  3 rats
  A fire vortex (Volcano)
574 creatures vanquished.

Vanquished Creatures (others)
  An orc wizard (D:3)
  An orc (D:11)
  A fire vortex (Volcano)
  23 fungi
  158 plants
184 creatures vanquished.

Grand Total: 758 creatures vanquished

Notes
Turn   | Place    | Note
-------+----------+-------------------------------------------
     0 | D:1      | Gwenloh the Minotaur Fighter began the quest for the Orb.
     0 | D:1      | Reached XP level 1. HP: 19/19 MP: 0/0
   127 | D:1      | Reached skill level 3 in Short Blades
   130 | D:1      | Reached XP level 2. HP: 26/26 MP: 1/1
   874 | D:2      | Reached skill level 4 in Short Blades
   874 | D:2      | Reached XP level 3. HP: 29/31 MP: 2/2
  1353 | D:2      | You fall into a shaft and drop 1 floor!
  1365 | D:3      | Reached XP level 4. HP: 39/39 MP: 3/3
  1393 | D:3      | You fall into a shaft and drop 1 floor!
  1663 | D:2      | Reached skill level 5 in Short Blades
  1880 | D:3      | Found a faded altar of an unknown god.
  2417 | D:3      | Reached XP level 5. HP: 45/45 MP: 4/4
  2599 | D:3      | Reached skill level 6 in Short Blades
  2958 | D:4      | Noticed a yak
  3219 | D:4      | Noticed Purgy
  3225 | D:4      | Killed Purgy
  3226 | D:4      | Reached skill level 7 in Short Blades
  3226 | D:4      | Reached XP level 6. HP: 45/51 MP: 5/5
  3287 | D:4      | Found a staircase to the Ecumenical Temple.
  3296 | Temple   | Entered the Ecumenical Temple
  3384 | Temple   | Became a worshipper of Uskayaw the Reveller
  3446 | D:4      | Reached * piety under Uskayaw
  3583 | D:4      | Reached ** piety under Uskayaw
  3663 | D:4      | Noticed a yak
  3668 | D:4      | Noticed a yak
  4067 | D:5      | Entered Level 5 of the Dungeon
  4385 | D:5      | Reached *** piety under Uskayaw
  4387 | D:5      | Reached skill level 8 in Short Blades
  4592 | D:5      | Noticed Eustachio
  4596 | D:5      | Reached skill level 1 in Dodging
  4596 | D:5      | Reached XP level 7. HP: 49/58 MP: 6/6
  4951 | D:5      | Killed Eustachio
  5035 | D:5      | Found Erashamm's Jewellery Boutique.
  5230 | D:5      | Reached skill level 5 in Fighting
  5364 | D:5      | Reached skill level 5 in Armour
  5481 | D:6      | Reached XP level 8. HP: 68/68 MP: 7/7
  5591 | D:6      | Reached skill level 1 in Invocations
  5776 | D:6      | Reached skill level 9 in Short Blades
  6147 | D:6      | Found Tuvylout's Distillery.
  6155 | D:6      | Bought a potion of curing for 30 gold pieces
  6551 | D:7      | Reached **** piety under Uskayaw
  6555 | D:7      | Reached ***** piety under Uskayaw
  6563 | D:7      | Reached ****** piety under Uskayaw
  6566 | D:7      | Reached XP level 9. HP: 52/78 MP: 10/10
  7537 | D:7      | Reached skill level 5 in Shields
  7900 | D:7      | Reached skill level 10 in Short Blades
  8429 | D:8      | Identified 3 scrolls of acquirement
  8430 | D:8      | Acquired the ring of the Scorching Coward {rN+ MP+9 Dex+6}
  8531 | D:8      | Reached XP level 10. HP: 73/88 MP: 12/12
  8720 | D:8      | Reached skill level 5 in Invocations
  9339 | D:9      | Found a staircase to the Lair.
  9638 | D:9      | Noticed Pikel
  9659 | D:9      | Killed Pikel
  9699 | D:9      | Noticed a boulder beetle
 10046 | D:9      | Killed a boulder beetle
 10249 | D:9      | Found a runed translucent gate.
 10249 | D:9      | Found a runed translucent gate.
 10249 | D:9      | Found a runed translucent gate.
 10251 | D:9      | Found an opulent altar of Gozag.
 10254 | D:9      | Noticed braks's ghost (novice TrMo)
 10254 | D:9      | Noticed a death knight
 10254 | D:9      | Noticed a centaur warrior
 10277 | D:9      | Identified the ring "Edghutount" {Fire rElec Will++ Dex+2}
 10390 | D:9      | Noticed a manticore
 10408 | D:9      | Found Liuladuh's Lightly-Used Armoury.
 10579 | D:9      | Paralysed by a hornet for 2 turns
 10788 | D:9      | Reached skill level 11 in Short Blades
 10989 | Lair:1   | Entered Level 1 of the Lair of Beasts
 10998 | D:9      | Reached XP level 11. HP: 97/97 MP: 14/14
 11480 | Lair:1   | Acquired a +5 hand crossbow of freezing
 11485 | Lair:1   | Noticed a six-headed hydra
 11572 | Lair:1   | Killed a six-headed hydra
 11759 | Lair:1   | Noticed a six-headed hydra
 11866 | Lair:1   | Reached skill level 10 in Fighting
 12040 | Lair:1   | Reached skill level 10 in Armour
 13315 | Lair:2   | Reached XP level 12. HP: 70/108 MP: 16/16
 13576 | Lair:2   | Found a staircase to the Shoals.
 13811 | Lair:2   | Reached skill level 12 in Short Blades
 13931 | Lair:2   | Killed a six-headed hydra
 14020 | Lair:2   | Noticed a seven-headed hydra
 14026 | Lair:2   | Killed a seven-headed hydra
 14123 | Lair:2   | Reached skill level 10 in Shields
 14381 | Lair:2   | Noticed an eight-headed hydra
 14392 | Lair:2   | Killed an eight-headed hydra
 15046 | Lair:3   | Found a hole to the Spider Nest.
 15833 | Lair:4   | Noticed a catoblepas
 15899 | Lair:4   | Noticed Urug
 15909 | Lair:4   | Killed Urug
 15963 | Lair:4   | Reached XP level 13. HP: 117/117 MP: 18/18
 16448 | Lair:4   | Found a dark tunnel.
 16470 | Lair:4   | Reached skill level 13 in Short Blades
 16476 | Volcano  | Entered a volcano
 18487 | Lair:4   | Reached skill level 10 in Invocations
 18728 | Lair:4   | Acquired 740 gold pieces
 19121 | Lair:4   | Acquired a +6 quick blade
 19747 | Lair:5   | You fall into a shaft and drop 1 floor!
 19747 | Lair:6   | Entered Level 6 of the Lair of Beasts
 19747 | Lair:6   | Found a runed translucent door.
 19747 | Lair:6   | Found a viscous altar of Jiyva.
 19863 | Lair:6   | Found a staircase to the Slime Pits.
 19894 | Lair:6   | Noticed Kirke
 19944 | Lair:6   | Killed Kirke
 20621 | Lair:6   | Reached XP level 14. HP: 129/129 MP: 20/20
 21905 | Lair:6   | Reached skill level 14 in Short Blades
 22371 | Lair:6   | Identified the +8 mace "Heemnet" {vorpal, Dex+2}
 22901 | Lair:6   | Reached skill level 1 in Evocations
 23116 | D:10     | Entered Level 10 of the Dungeon
 23253 | D:10     | Found Ucotho's Magic Scroll Emporium.
 23284 | D:10     | Bought a scroll of enchant armour for 90 gold pieces
 23284 | D:10     | Bought a scroll of blinking for 90 gold pieces
 23635 | D:10     | Found a hazy altar of Hepliaklqana.
 24358 | D:11     | Noticed Fannar
 24383 | D:11     | Killed Fannar
 24851 | D:11     | Found a staircase to the Orcish Mines.
 25245 | Orc:1    | Entered Level 1 of the Orcish Mines
 25375 | Orc:2    | Entered Level 2 of the Orcish Mines
 25475 | Orc:2    | Found a staircase to the Elven Halls.
 25641 | Orc:2    | Noticed an orc warlord
 25659 | Orc:2    | HP: 4/106 [orc warlord (7)]
 25666 | Orc:2    | Slain by an orc warlord

Illustrated notes

Levels and vault maps discovered:
D:1:      minmay_arrival_stair_chambers, layout_basic
D:2:      layout_basic
D:3:      layout_basic, shapermc_ecumenical_altar_totnotflames
D:4:      layout_basic, minmay_temple_entry_arrows, uniq_purgy
D:5:      layout_loops_ring, serial_shops, kennysheep_mini, uniq_eustachio
D:6:      layout_loops_ring, serial_shops, nicolae_shop_trees
D:7:      minmay_polygon_palace, layout_cave_pools
D:8:      layout_basic, minmay_mini_ossuary
D:9:      layout_irregular_city, lair_entry_dummy, ebering_ghost_gozag,
          serial_bayou_pond_c, grunt_decor_one_mirror, minmay_shop_damaged,
          kennysheep_cross_room, uniq_pikel
D:10:     layout_rooms, mainiacjoe_overflow_alcove_1, serial_shops, shop,
          st_stairs_8
D:11:     layout_loops_ring, erik_orc_1, uniq_fannar
Temple:   compressed_dpeg_triangle_lava_temple
Lair:1:   layout_layer_cave, serial_bayou_pond_d, nzn_random_ring
Lair:2:   layout_cave_pods, elwin_shoals_entry_rooms, serial_bayou_lagoon_b,
          grunt_megastairs_3
Lair:3:   layout_regular_city, spider_nest_entry_rubble
Lair:4:   regret_index_wax_grids, layout_regular_city, enter_volcano_1,
          uniq_urug
Lair:5:   layout_loops_ring, wad_woods_03
Lair:6:   minmay_lair_end_frog_pond, layout_cave_pods, slime_altar_2,
          kennysheep_basilisk_garden, uniq_kirke
Orc:1:    layout_caves, serial_shops
Orc:2:    st_orc_elflike, layout_caves, special_room, minmay_orc_barracks

Skill      XL: |  1  2  3  4  5  6  7  8  9 10 11 12 13 14 |
---------------+-------------------------------------------+-----
Short Blades   | 3 4 5 7 8 9 10 11 12 13 14 | 14.0
Dodging        | 1 2 4 |  4.2
Fighting       | 5 6 7 9 10 11 13 | 13.9
Armour         | 5 6 7 9 10 11 13 | 13.9
Invocations    | 2 4 6 7 9 10 11 | 11.2
Shields        | 4 6 7 9 10 12 13 | 13.2
Evocations     | 2 |  2.4

Action                   |  1- 3 |  4- 6 |  7- 9 | 10-12 | 13-15 || total
-------------------------+-------+-------+-------+-------+-------++-------
Melee: Rapier            |    58 |   118 |   231 |   397 |   265 ||  1069
       Headbutt          |     5 |    22 |    73 |   131 |   401 ||   632
       Quick blade       |       |       |       |       |   788 ||   788
 Fire: Hunting sling     |    38 |    58 |    32 |    33 |       ||   161
       Hand crossbow     |       |       |       |    64 |    49 ||   113
Throw: Stone             |    16 |       |       |       |       ||    16
       Dart              |    12 |    11 |    22 |       |       ||    45
       Boomerang         |       |       |    11 |    26 |    93 ||   130
Invok: Line Pass         |       |     1 |     7 |    10 |    11 ||    29
       Stomp             |       |       |     7 |    15 |    24 ||    46
       Grand Finale      |       |       |       |       |     1 ||     1
 Abil: Evoke Invisibilit |       |       |       |       |     1 ||     1
Evoke: Wand              |       |       |       |     2 |       ||     2
  Use: Scroll            |       |     5 |     4 |     7 |    14 ||    30
       Potion            |       |     1 |       |     1 |     1 ||     3
 Stab: Paralysed         |       |     1 |     8 |    38 |    61 ||   108
       Confused          |       |       |     3 |     6 |    10 ||    19
       Petrified         |       |       |       |       |     4 ||     4
       Invisible         |       |       |       |       |     2 ||     2
Armor: Scale mail        |    21 |    71 |    69 |    18 |       ||   179
       Chain mail        |       |       |       |   133 |   172 ||   305
Dodge: Dodged            |    16 |    34 |    85 |   112 |   179 ||   426
Block: Kite shield       |    31 |    63 |   128 |   214 |   384 ||   820
